 Dungeon Crawl Stone Soup version 0.32-a0-928-g1cae6b7ea0 (webtiles) character file.

Game seed: 14273600384197864479

42 PriceMaster the Digger (level 3, 0/16 HPs)
             Began as a Spriggan Earth Elementalist on Apr 12, 2024.
             Slain by Natasha (7 damage)
             ... on level 2 of the Dungeon.
             The game lasted 00:01:09 (1444 turns).

PriceMaster the Digger (SpEE)                       Turns: 1444, Time: 00:01:09

Health: 0/16       AC:  2    Str:  4    XL:     3   Next: 33%
Magic:  0/8        EV: 16    Int: 18    God:
Gold:   63         SH:  0    Dex: 15    Spells: 7/8 levels left

rFire   . . .        (weapon restricted)
rCold   . . .        (no shield)
rNeg    . . .        a - +0 robe
rPois   .            (helmet restricted)
rElec   .            (no cloak)
rCorr   .            (gloves unavailable)
SInv    +            (boots unavailable)
Will    .....        (no amulet)
Stlth   ++           (no ring)
HPRegen 0.22/turn    (no ring)
MPRegen 0.11/turn

%: no passive effects
@: very quick
A: very small, no large weapons, unfitting armour, see invisible, speed 3
a: no special abilities


You were on level 2 of the Dungeon.
You visited 1 branch of the dungeon, and saw 2 of its levels.

You collected 63 gold pieces.

Inventory:

Armour
 a - a +0 robe (worn)
Scrolls
 c - 2 scrolls of amnesia {unknown}
 d - 2 scrolls of summoning
 f - a scroll of identify {unknown}
Potions
 b - 2 potions of magic
 e - a potion of lignification {unknown}


   Skills:
 + Level 3.1 Dodging
 + Level 3.2 Stealth
 + Level 3.1 Spellcasting
 + Level 0.6 Conjurations
 + Level 3.6 Earth Magic


You had 7 spell levels left.
You knew the following spells:

 Your Spells              Type           Power      Damage    Failure   Level
a - Sandblast             Erth           30%        2d9       3%          1

Your spell library contained the following spells:

 Spells                   Type           Power      Damage    Failure   Level
 Passwall                 Erth           15%        N/A       11%         3
 Stone Arrow              Conj/Erth      20%        3d8       21%         3
 Brom's Barrelling Bould  Conj/Erth      10%        2d3       56%         4
 Petrify                  Alch/Erth      9%         N/A       58%         4


Dungeon Overview and Level Annotations

Branches:
Dungeon (2/15)

Altars:

Annotations:
D:2 Natasha


Innate Abilities, Weirdness & Mutations

You are very small and have problems with some larger weapons.
You are too small for most types of armour.
You have supernaturally acute eyesight. (SInv)
You cover ground extremely quickly. (Speed+++)


Message History

The cerulean imp is severely wounded.
The cerulean imp barely misses you.
The blast of sand misses the cerulean imp.
The blast of sand hits Natasha!
Natasha is almost dead.
The cerulean imp misses you. The cerulean imp barely misses you.
The blast of sand hits the cerulean imp.
The cerulean imp is almost dead.
The cerulean imp completely misses you.
The blast of sand hits the cerulean imp.
The cerulean imp is almost dead.
The cerulean imp misses you. x2
The blast of sand hits the cerulean imp!
You kill the cerulean imp!
The cerulean imp disappears in a puff of smoke!
Natasha casts a spell at you. You resist with some effort.
The blast of sand misses Natasha.
The blast of sand hits the cerulean imp!
You kill the cerulean imp!
The cerulean imp disappears in a puff of smoke!
You are out of magic!
Casting: Sandblast (safe; 3% risk of failure)
Confirm with . or Enter, or press ? or * to list all spells.
You don't have enough magic to cast this spell.
You hit Natasha but do no damage.
Natasha is almost dead.
Natasha closely misses you.
The cerulean imp hits you from afar with a +2 spear.
You completely miss Natasha.
Natasha is almost dead.
The cerulean imp disappears in a puff of smoke!
Natasha casts a spell at you. The magic dart hits you!
Ouch! That really hurt!
You hit Natasha but do no damage.
Natasha is almost dead.
Natasha claws you!
You die...
Natasha curls up and begins to purr.

........ ######.# ### #.#
#.. #.# #. #.# #.# #.#
#.# ### #.###.# #.# #
..####...#.#####ยง###.##.
#...............h.......
#####.##.##.###.@....#
#.##.##.####.#####
#.##.........#
#.#####.###### #.#####.#
#.......# #########


You could see Natasha.

Vanquished Creatures
  2 dart slugs
  5 bats
  7 endoplasms (D:1)
  A giant cockroach (D:1)
  3 goblins
  3 hobgoblins (D:1)
  3 quokkas
  A ball python (D:1)
  3 kobolds
  4 rats
32 creatures vanquished.

Vanquished Creatures (collateral kills)
  A rat (D:2)
1 creature vanquished.

Grand Total: 33 creatures vanquished

Notes
Turn   | Place    | Note
-------+----------+-------------------------------------------
     0 | D:1      | PriceMaster the Spriggan Earth Elementalist began the quest
                  | for the Orb.
     0 | D:1      | Reached XP level 1. HP: 9/9 MP: 5/5
   287 | D:1      | Reached XP level 2. HP: 12/13 MP: 0/6
   933 | D:1      | Reached XP level 3. HP: 16/16 MP: 6/8
  1430 | D:2      | Noticed Natasha
  1444 | D:2      | Slain by Natasha

Illustrated notes

Levels and vault maps discovered:
D:1:      roderic_lyre, layout_basic
D:2:      layout_loops_ring, dilly_ecumenical_altar_fadedgnrine,
          minmay_misc_feat_more_columns, kennysheep_generic_room_10,
          uniq_natasha

Skill      XL: |  1  2 |
---------------+-------+-----
Earth Magic    | 3 |  3.6
Dodging        | 3 |  3.1
Spellcasting   | 3 |  3.1
Stealth        | |  3.2
Conjurations   | |  0.6

Action                     || total
---------------------------++-------
  Melee: Unarmed           ||     9
   Cast: Sandblast         ||    53
    Use: Scroll            ||     3
   Stab: Sleeping          ||     1
 Armour: Robe              ||    10
  Dodge: Dodged            ||    33

Table legend: (Time is in decaauts)
 A = Elapsed time spent in this place.
 B = Non-inter-level travel time spent in this place.
 C = Inter-level travel time spent in this place.
 D = Time resting spent in this place.
 E = Time spent auto-exploring this place.
 F = Levels seen in this place.
 G = Mean time per level.
                   A        B        C        D        E       F      G
               +--------+--------+--------+--------+--------+-----+--------+
         Total |   1099 |   1056 |     43 |      0 |    894 |   2 |  549.5 |
       Dungeon |   1099 |   1056 |     43 |      0 |    894 |   2 |  549.5 |
               +--------+--------+--------+--------+--------+-----+--------+

Top non-repeatable levels by time:
     D:1: 834 daAuts
     D:2: 264 daAuts
